 Dungeon Crawl Stone Soup version 0.28.0-43-g3370ac3207 (webtiles) character file.

Game seed: 17532214694181824868

5 terff the Sneak (level 1, -1/12 HPs)
             Began as an Octopode Brigand on Mar 20, 2022.
             Was a Follower of Hepliaklqana.
             Frozen to death by an endoplasm (4 damage)
             ... on level 1 of the Dungeon.
             The game lasted 00:00:44 (395 turns).

terff the Sneak (Octopode Brigand)                   Turns: 395, Time: 00:00:45

Health: -1/12      AC:  1    Str: 10    XL:     1   Next: 80%
Magic:  1/1        EV: 12    Int: 13    God:    Hepliaklqana [*.....]
Gold:   15         SH:  0    Dex: 13    Spells: 0/0 levels left

rFire   . . .      SeeInvis .   a - +2 dagger
rCold   . . .      Faith    .   (no shield)
rNeg    . . .      Spirit   .   (helmet restricted)
rPois   .          Reflect  .   (no amulet)
rElec   .          Harm     .   (no ring)
rCorr   .          Rampage  .   (no ring)
Will    .....                   (no ring)
Stlth   ++++......              (no ring)
HPRegen 0.04/turn               (no ring)
MPRegen 0.07/turn               (no ring)
                                (no ring)
                                (no ring)

@: no status effects
A: reduced essence, almost no armour, amphibious, 8 rings, camouflage 1,
gelatinous body 1, (nimble swimmer 1), tentacles
a: Renounce Religion, Recall Ancestor, Ancestor Identity


You were on level 1 of the Dungeon.
You worshipped Hepliaklqana.
Hepliaklqana was aware of your devotion.
You visited 1 branch of the dungeon, and saw 1 of its levels.

You collected 15 gold pieces.

Inventory:

Hand Weapons
 a - a +2 dagger (weapon)
Missiles
 b - 8 poisoned darts (quivered)
 c - 2 curare-tipped darts


   Skills:
 + Level 2.0 Fighting
 + Level 2.0 Short Blades
 + Level 2.0 Throwing
 + Level 1.0 Dodging
 + Level 5.7 Stealth


You couldn't memorise any spells.
You didn't know any spells.
Your spell library was empty.

Dungeon Overview and Level Annotations

Branches:
Dungeon (1/15)

Altars:
Hepliaklqana


Innate Abilities, Weirdness & Mutations

Your life essence is reduced to manifest your ancestor. (-10% HP)
You cannot wear most types of armour.
You are amphibious.
You can wear up to eight rings at the same time.
Your skin changes colour to match your surroundings (Stealth+).
Your rubbery body absorbs attacks. (AC +1, EV +1)
((You are camouflaged when in or above water. (Stealth+)))
You have tentacles for arms and can constrict up to eight enemies at once.


Message History

You start resting.
HP restored.
Found a spear.
Found a faded altar of an unknown god.
There is a faded altar of an unknown god here.
You see here a -1 spear.
You cannot tell which god this altar belongs to.
Convert to them anyway?
Uppercase [Y]es or [N]o only, please.
You cannot tell which god this altar belongs to.
Convert to them anyway? [Y]es or [N]o only, please.
You cannot tell which god this altar belongs to.
Convert to them anyway?
Hepliaklqana accepts your prayer! Hepliaklqana welcomes you!
Hepliaklqana forms a fragment of your life essence into the memory of your ancestor, Citlalmina!
You can now recall your ancestor.
You can now remember your ancestor's identity.
Unknown command.
Press < or > to pray at altars.
A dart slug comes into view.
Found 11 gold pieces.
An endoplasm comes into view.
You swap places.
The endoplasm quivers.
An endoplasm comes into view.
You hit the endoplasm. You squeeze the endoplasm.
You kill the endoplasm!
The endoplasm hits you. The endoplasm completely misses you.
The endoplasm freezes you.
You are frozen.
The endoplasm barely misses you. The endoplasm barely misses you.
The endoplasm misses you. The endoplasm hits you. The endoplasm freezes you.
You are frozen.
* * * LOW HITPOINT WARNING * * *
The endoplasm barely misses you. The endoplasm freezes you.
You are frozen.
You die...

#...# #.#....# #...#
#......## #...#
#.......###
##...#####.........# ..
.................#.##...
...............#........
...#...........#...##...
##_..###########R### ..
#.#..# #@# # #....# #J#
##...# #.# #...# #.#
#...# #.# #...# #.#
####.####.#### #..
.............# ###
####.####.....


You could see the friendly Citlalmina the ancestor and an endoplasm (ally
target).

Vanquished Creatures
  An endoplasm (D:1)
  A giant cockroach (D:1)
  A hobgoblin (D:1)
  2 frilled lizards (D:1)
5 creatures vanquished.

Notes
Turn   | Place    | Note
-------+----------+-------------------------------------------
     0 | D:1      | terff the Octopode Brigand began the quest for the Orb.
     0 | D:1      | Reached XP level 1. HP: 14/14 MP: 1/1
   340 | D:1      | Found a faded altar of an unknown god.
   350 | D:1      | Prayed at the altar of an unknown god.
   350 | D:1      | Became a worshipper of Hepliaklqana the Forgotten
   350 | D:1      | Reached * piety under Hepliaklqana
   395 | D:1      | Frozen to death by an endoplasm

Illustrated notes

Levels and vault maps discovered:
D:1:      wander_arrival_abandoned_jail, layout_loops_cross,
          ebering_ecumenical_altar_rust

Action                   || total
-------------------------++-------
Melee: Dagger            ||     8
       Tentacles         ||     3
       Constrict         ||     1
 Stab: Sleeping          ||     1
Dodge: Dodged            ||     9
